 Dungeon Crawl Stone Soup version 0.29-a0-330-g52719c12eb (webtiles) character file.

Game seed: 8328774408947253297

19464 dohliylev the Fighter (level 12, -9/172 HPs)
             Began as a Minotaur Berserker on May 9, 2022.
             Was a Priest of Trog.
             Killed by divine providence
             ... invoked by a meliai
              (14 damage)
             ... on level 12 of the Dungeon.
             The game lasted 00:47:46 (13355 turns).

dohliylev the Fighter (Minotaur Berserker)         Turns: 13355, Time: 00:47:47

Health: -9/172     AC: 16    Str: 29    XL:     12   Next: 36%
Magic:  20/20      EV: 13    Int:  4    God:    Trog [***...]
Gold:   1485       SH: 14    Dex: 16    Spells: 11/11 levels left

rFire   . . .      SeeInvis .   B - +0 spear (vorpal)
rCold   + . .      Faith    .   f - +2 kite shield
rNeg    + . .      Spirit   .   E - +0 plate armour
rPois   .          Reflect  .   L - +0 hat
rElec   .          Harm     .   i - +0 cloak of Buletat {rC+ Str+4}
rCorr   .          Rampage  .   (no gloves)
Will    +....                   (no boots)
Stlth   ..........              e - amulet of magic regeneration
HPRegen 1.38/turn               j - +4 ring of evasion
MPRegen 0.57/turn               n - ring "Usacitz" {rN+ MP+9 Dex+4}

@: berserking (expiring), weak-willed, strong-willed, regenerating, very quick
A: horns 2, retaliatory headbutt
a: Renounce Religion, Berserk, Trog's Hand


You were on level 12 of the Dungeon.
You worshipped Trog.
Trog was most pleased with you.
You visited 1 branch of the dungeon, and saw 12 of its levels.
You also visited: Sewer and Bailey.

You collected 1485 gold pieces.

Inventory:

Hand Weapons
 c - a +1 vampiric spear
 x - a +2 hand axe of freezing
 B - a +0 vorpal spear (weapon)
 I - a +2 spear of venom
 R - the +8 battleaxe "Ogreslayer" {vamp, Contam rElec Dex+7}
   (You found it on level 12 of the Dungeon)

   It occasionally heals its wielder for a portion of the damage dealt when it
   wounds a living foe.
   Dex:       It affects your dexterity (+7).
   rElec:     It insulates you from electricity.
   Contam:    It causes magical contamination when unequipped.
 S - a +4 broad axe of venom
Armour
 f - a +2 kite shield (worn)
 i - the +0 cloak of Buletat (worn) {rC+ Str+4}
   (You found it on level 2 of the Dungeon)

   Str:       It affects your strength (+4).
   rC:        It protects you from cold.
 E - a +0 plate armour (worn)
 K - +0 acid dragon scales
 L - a +0 hat (worn)
Jewellery
 e - an amulet of magic regeneration (around neck)
 j - a +4 ring of evasion (left hand)
 m - a ring of protection from cold
 n - the ring "Usacitz" (right hand) {rN+ MP+9 Dex+4}
   (You took it off a kobold in a bailey)

   [ring of magical power]

   Dex:       It affects your dexterity (+4).
   rN:        It protects you from negative energy.
   MP:        It affects your magic capacity (+9).
 o - a ring of protection from fire
 P - a ring of flight
Wands
 u - a wand of polymorph (3)
 C - a wand of paralysis (17)
 O - a wand of mindburst (7)
Scrolls
 b - a scroll of fog
 g - 7 scrolls of enchant armour
 h - 2 scrolls of teleportation
 l - a scroll of summoning
 q - 2 scrolls of blinking
 t - a scroll of torment {unknown}
 v - a scroll of noise {unknown}
 y - 4 scrolls of fear {unknown}
 G - 5 scrolls of identify
 J - a scroll of amnesia {unknown}
 M - 3 scrolls of enchant weapon {unknown}
Potions
 a - 6 potions of flight {unknown}
 d - a potion of resistance {unknown}
 k - 4 potions of brilliance {unknown}
 p - 2 potions of attraction
 r - 3 potions of curing {unknown}
 s - 2 potions of might {unknown}
 w - 2 potions of berserk rage {unknown}
 z - 2 potions of mutation {unknown}
 A - 4 potions of haste
 D - 4 potions of degeneration {unknown}
 F - a potion of ambrosia
 H - 4 potions of heal wounds {unknown}
 N - 2 potions of cancellation {unknown}
 Q - a potion of magic {unknown}


   Skills:
 * Level 13.3 Fighting
 + Level 6.0(9.5) Axes
 - Level 11.4(12.0) Polearms
 + Level 11.3 Armour
 + Level 6.0 Dodging
 + Level 11.5 Shields


You had 11 spell levels left.
You didn't know any spells.
Your spell library was empty.

Dungeon Overview and Level Annotations

Branches:
Dungeon (12/15)            Temple (0/1) D:6            Lair (0/6) D:8
  Sewer (visited)          Bailey (visited)
    Orc: D:9-12

Altars:
Cheibriados
Elyvilon
Gozag
Hepliaklqana
Nemelex Xobeh
Sif Muna
Trog
Vehumet
Wu Jian
Xom
Yredelemnul

Shops:
D:9 (   D:11 [

Annotations:
D:9 1 runed translucent door, robertstho's ghost, novice DjFE


Innate Abilities, Weirdness & Mutations

You have a pair of horns on your head.
You reflexively headbutt those who attack you in melee.


Message History

You hit the death knight but do no damage.
You headbutt the death knight, but do no damage.
The death knight is moderately wounded.
The phantasmal warrior gestures at you.
The phantasmal warrior blinks!
You hit the death knight but do no damage.
The death knight is moderately wounded.
The death knight hits you with a +3 great sword!!
You barely miss the death knight. You headbutt the death knight!
The death knight is heavily wounded.
The death knight reflects your damage back at you!
* * * LOW HITPOINT WARNING * * *
The phantasmal warrior gestures at you.
The phantasmal warrior blinks!
You hit the death knight. You headbutt the death knight!
The death knight is severely wounded.
The death knight reflects your damage back at you!
* * * LOW HITPOINT WARNING * * *
You block the death knight's attack.
You closely miss the death knight.
The death knight is severely wounded.
You closely miss the death knight.
You headbutt the death knight, but do no damage.
The death knight is severely wounded.
The death knight's dark mirror aura disappears.
You barely miss the death knight.
The death knight is severely wounded.
The meliai calls down the wrath of its god upon you.
Something smites you!
* * * LOW HITPOINT WARNING * * *
The death knight hits you with a +3 great sword!!
* * * LOW HITPOINT WARNING * * *
You are too berserk!
You block the phantasmal warrior's attack.
You are too berserk!
You barely miss the death knight.
The death knight is severely wounded.
The meliai invokes the aid of its god against you.
Something smites you!
You die...

######.......######
.! #. #.......# #
..# ##. ####'####
#.##.W #.## #'#..
#..# ## ###...
####'## #. ##.....
#.>...# #.
......y#######.###.#
#. #.W.yp@W..'.#.#.#
#.
#....#########.#.#.#
###. ... #...#.#
#.'. # ###.#.####.#.
#...#.##...#.
#.###.'..####
#.....#### ####'##
#..# #


You could see a death knight, a phantasmal warrior, a freezing wraith, a meliai
and a killer bee.

Vanquished Creatures
  Fannar (D:10)
  2 boulder beetles
  A death knight (D:12)
  A centaur warrior (D:11)
  3 two-headed ogres
  Nergalle (D:10)
  Pikel (D:8)
  2 phantasmal warriors (D:12)
  A deep elf pyromancer (D:12)
  2 slime creatures (D:9)
  Maurice (D:9)
  Joseph (D:7)
  A gargoyle (D:12)
  3 komodo dragons (D:8)
  An unseen horror (D:10)
  A freezing wraith (D:12)
  8 trolls
  The ghost of funaii the Caller, an amateur BaSu (D:4)
  2 wyverns
  A basilisk (D:8)
  3 wraiths
  6 yaks
  2 steam dragons
  2 acid dragons
  Edmund (D:5)
  A sky beast (D:6)
  7 orc warriors
  Pargi (Sewer)
  A black bear (D:6)
  An ice beast (D:6)
  2 ogres (D:5)
  2 centaurs
  A lemure (D:8)
  4 phantoms
  10 kobold brigands
  3 bullfrogs
  A gnoll sergeant (D:3)
  2 scorpions
  3 killer bees
  9 electric eels
  6 orc priests
  3 jellies
  3 hounds
  2 iguanas
  6 orc wizards
  15 gnolls
  A river rat (D:3)
  7 adders
  2 white imps (D:6)
  An ufetubus (D:6)
  6 worms
  2 dart slugs
  20 orcs
  12 ball pythons
  7 endoplasms
  4 giant cockroaches
  12 goblins
  5 hobgoblins
  13 jackals
  3 quokkas
  8 bats
  12 frilled lizards
  26 kobolds
  15 rats
  A spectral hobgoblin (D:1)
289 creatures vanquished.

Vanquished Creatures (collateral kills)
  Gastronok (D:9)
1 creature vanquished.

Vanquished Creatures (others)
  2 fungi (D:9)
  3 plants (D:9)
5 creatures vanquished.

Grand Total: 295 creatures vanquished

Notes
Turn   | Place    | Note
-------+----------+-------------------------------------------
     0 | D:1      | dohliylev the Minotaur Berserker began the quest for the
                  | Orb.
     0 | D:1      | Reached XP level 1. HP: 19/19 MP: 0/0
   126 | D:1      | Reached XP level 2. HP: 27/27 MP: 1/1
   314 | D:1      | Reached skill level 4 in Fighting
   624 | D:1      | Reached XP level 3. HP: 34/34 MP: 2/2
   800 | D:1      | Reached ** piety under Trog
   926 | D:1      | Found a faded altar of an unknown god.
  1167 | D:2      | Identified the +0 cloak of Buletat {rC+ Str+4}
  1493 | D:2      | Reached skill level 1 in Shields
  1493 | D:2      | Reached XP level 4. HP: 41/41 MP: 3/3
  1758 | D:3      | Noticed a gnoll sergeant
  1809 | D:3      | Killed a gnoll sergeant
  1810 | D:3      | Reached skill level 5 in Axes
  1810 | D:3      | Reached XP level 5. HP: 34/47 MP: 4/4
  2009 | D:3      | Reached skill level 1 in Polearms
  2009 | D:3      | Reached XP level 6. HP: 35/53 MP: 5/5
  2012 | D:3      | Identified the +4 chain mail of Fajo {Int+4 Stlth+}
  2064 | D:3      | Reached *** piety under Trog
  2410 | D:3      | Found a glowing drain.
  2414 | Sewer    | Entered a sewer
  2467 | Sewer    | Noticed Pargi
  2481 | Sewer    | Killed Pargi
  3390 | D:4      | Reached skill level 5 in Fighting
  3748 | D:4      | Found a runed translucent gate.
  3748 | D:4      | Found a runed translucent gate.
  3748 | D:4      | Found a runed translucent gate.
  3751 | D:4      | Noticed funaii's ghost (amateur BaSu)
  3881 | D:5      | Entered Level 5 of the Dungeon
  3893 | D:5      | Reached XP level 7. HP: 61/61 MP: 6/6
  3912 | D:5      | Reached **** piety under Trog
  4216 | D:5      | Noticed Edmund
  4228 | D:5      | Killed Edmund
  4229 | D:5      | Reached skill level 6 in Fighting
  4376 | D:5      | Reached skill level 5 in Polearms
  4376 | D:5      | Reached XP level 8. HP: 55/71 MP: 7/7
  4757 | D:6      | Reached skill level 7 in Fighting
  4935 | D:6      | Reached skill level 5 in Shields
  5037 | D:6      | Found a radiant altar of Vehumet.
  5037 | D:6      | Found an opulent altar of Gozag.
  5041 | D:6      | Found a sparkling altar of Nemelex Xobeh.
  5042 | D:6      | Found an ornate altar of the Wu Jian Council.
  5045 | D:6      | Found a basalt altar of Yredelemnul.
  5047 | D:6      | Found a snail-covered altar of Cheibriados.
  5047 | D:6      | Found a shimmering altar of Xom.
  5051 | D:6      | Found a hazy altar of Hepliaklqana.
  5118 | D:6      | Reached skill level 8 in Fighting
  5118 | D:6      | Reached skill level 5 in Dodging
  5118 | D:6      | Reached XP level 9. HP: 77/81 MP: 8/8
  5134 | D:6      | Found a staircase to the Ecumenical Temple.
  5500 | D:4      | Killed funaii's ghost
  5697 | D:7      | Found a flagged portal.
  5703 | Bailey   | Entered a bailey
  5738 | Bailey   | Reached skill level 5 in Armour
  5877 | Bailey   | Identified the ring "Usacitz" {rN+ MP+9 Dex+4}
  6007 | Bailey   | Reached skill level 9 in Fighting
  6020 | Bailey   | Found an iron altar of Okawaru.
  6144 | D:7      | Noticed Joseph
  6144 | D:7      | Noticed a boulder beetle
  6158 | D:7      | Killed Joseph
  6530 | D:7      | Found a shimmering blue altar of Sif Muna.
  6706 | D:7      | Found a white marble altar of Elyvilon.
  6748 | D:7      | Reached XP level 10. HP: 91/91 MP: 9/9
  6865 | D:7      | You fall into a shaft and drop 2 floors!
  6973 | D:8      | Noticed Pikel
  6998 | D:8      | Killed Pikel
  6999 | D:8      | Reached skill level 10 in Fighting
  7628 | D:7      | Killed a boulder beetle
  7984 | D:8      | Reached skill level 10 in Polearms
  8328 | D:8      | Found a staircase to the Lair.
  8591 | D:9      | Reached skill level 11 in Fighting
  8591 | D:9      | Reached XP level 11. HP: 102/102 MP: 10/10
  8635 | D:9      | Found Irchuyc's Hydra Hut.
  8639 | D:9      | Noticed a five-headed hydra
  8794 | D:9      | Found a runed translucent door.
  8794 | D:9      | Identified the +7 spear of the Changing Gods {flame, rF+
                  | Dex+3}
  8794 | D:9      | Noticed robertstho's ghost (novice DjFE)
  9123 | D:9      | Noticed Gastronok
  9177 | D:9      | Killed Gastronok
  9939 | D:10     | Entered Level 10 of the Dungeon
  9945 | D:10     | Noticed Fannar
 10086 | D:10     | Noticed a two-headed ogre
 10097 | D:10     | Killed a two-headed ogre
 10098 | D:10     | Noticed Maurice
 10181 | D:9      | Killed Maurice
 10357 | D:10     | Killed Fannar
 10364 | D:10     | Reached skill level 12 in Fighting
 10364 | D:10     | Reached skill level 10 in Shields
 10763 | D:10     | Found a bloodstained altar of Trog.
 10781 | D:10     | Noticed Nergalle
 10803 | D:10     | Killed Nergalle
 11125 | D:11     | Noticed a two-headed ogre
 11145 | D:11     | Killed a two-headed ogre
 11342 | D:11     | Found Wocwiwnofa's Antique Armour Shop.
 11616 | D:11     | Noticed a boulder beetle
 11632 | D:11     | Killed a boulder beetle
 11633 | D:11     | Reached skill level 10 in Armour
 12106 | D:11     | Noticed a centaur warrior
 12129 | D:11     | Killed a centaur warrior
 12614 | D:12     | Noticed a death knight
 12614 | D:12     | Noticed a phantasmal warrior
 12614 | D:12     | Noticed a phantasmal warrior
 12620 | D:12     | Noticed a deep elf pyromancer
 12628 | D:12     | Killed a deep elf pyromancer
 12629 | D:12     | Reached XP level 12. HP: 113/113 MP: 11/11
 12644 | D:12     | Noticed a two-headed ogre
 12663 | D:12     | Killed a two-headed ogre
 12745 | D:12     | Identified the +8 battleaxe "Ogreslayer" {vamp, Contam
                  | rElec Dex+7}
 12762 | D:12     | Noticed a death knight
 12783 | D:12     | Killed a death knight
 12784 | D:12     | Reached skill level 13 in Fighting
 13353 | D:12     | HP: 4/172 [death knight/+3 great sword (27)]
 13355 | D:12     | Killed from afar by a meliai

Illustrated notes

Levels and vault maps discovered:
D:1:      co_arrival_square_in_a_square_in_a_square, layout_basic,
          dreamdust_ecumenical_altar_drowned_temple, minmay_three_crescents
D:2:      layout_loops_ring
D:3:      layout_loops_corners, gup_sewer_entry_spiral, kennysheep_donut,
          minmay_misc_feat_roman
D:4:      layout_basic, ebering_ghost_rock_garden
D:5:      layout_rooms, uniq_edmund
D:6:      layout_rooms, nicolae_overflow_hallway_of_the_gods,
          minmay_temple_entry_tees, serial_glass, glass_columns_a,
          glass_columns_a
D:7:      layout_basic, elyvilon_altar_1, mainiacjoe_overflow_alcove_2,
          enter_bailey_3, uniq_joseph
D:8:      layout_rooms, erik_lair_dragon, uniq_pikel
D:9:      layout_basic, ebering_ghost_funeral_grove, doesnt_shop_hydraphobe,
          uniq_gastronok
D:10:     layout_cave_pools, mainiacjoe_overflow_alcove_4, item_on_display_a,
          uniq_maurice, uniq_nergalle, uniq_fannar
D:11:     layout_basic, serial_shops, nicolae_shop_advertising_works
          [nicolae_subvault_shop_adworks], nzn_sisyphean_effort
D:12:     layout_roguey [special_room_bee], orc_0_dummy, minivault_22,
          grunt_ministairs_8

Skill      XL: |  1  2  3  4  5  6  7  8  9 10 11 12 |
---------------+-------------------------------------+-----
Axes           | 4 5 6 |  6.0
Fighting       | 4 5 6 8 9 11 12 13 | 13.3
Shields        | 1 2 3 5 7 9 10 11 | 11.5
Armour         | 3 4 6 8 10 11 | 11.3
Polearms       | 1 3 5 7 9 10 11 | 11.4
Dodging        | 3 5 6 |  6.0

Action                   |  1- 3 |  4- 6 |  7- 9 | 10-12 || total
-------------------------+-------+-------+-------+-------++-------
Melee: Hand axe          |    92 |    27 |     4 |       ||   123
       Headbutt          |    10 |    36 |    63 |   109 ||   218
       Spear             |       |   165 |   341 |   554 ||  1060
       Broad axe         |       |       |       |    11 ||    11
Invok: Berserk           |     3 |     3 |     9 |    13 ||    28
       Trog's Hand       |       |       |     4 |    12 ||    16
       Brothers in Arms  |       |       |       |     1 ||     1
  Use: Scroll            |       |     4 |     5 |     1 ||    10
Armor: Animal skin       |     5 |       |       |       ||     5
       Ring mail         |    26 |    20 |       |       ||    46
       Troll leather arm |       |     8 |    22 |       ||    30
       Plate armour      |       |       |    36 |   109 ||   145
Dodge: Dodged            |    36 |    63 |   108 |   142 ||   349
Block: Kite shield       |    36 |    65 |   135 |   220 ||   456

Table legend: (Time is in decaauts)
 A = Elapsed time spent in this place.
 B = Non-inter-level travel time spent in this place.
 C = Inter-level travel time spent in this place.
 D = Time resting spent in this place.
 E = Time spent auto-exploring this place.
 F = Levels seen in this place.
 G = Mean time per level.
                   A        B        C        D        E       F      G
               +--------+--------+--------+--------+--------+-----+--------+
         Total |  13517 |  12741 |    776 |   3370 |   6339 |  14 |  965.5 |
       Dungeon |  12865 |  12089 |    776 |   3202 |   6113 |  12 | 1072.1 |
         Sewer |    273 |    273 |      0 |      0 |    124 |   1 |  273.0 |
        Bailey |    378 |    378 |      0 |    167 |    101 |   1 |  378.0 |
               +--------+--------+--------+--------+--------+-----+--------+

Top non-repeatable levels by time:
     D:9: 1722 daAuts
    D:11: 1557 daAuts
     D:7: 1511 daAuts
     D:3: 1296 daAuts
     D:1: 1156 daAuts
     D:5: 906 daAuts
     D:8: 887 daAuts
     D:4: 870 daAuts
    D:10: 863 daAuts
     D:6: 727 daAuts
    D:12: 699 daAuts
     D:2: 665 daAuts
  Bailey: 378 daAuts
   Sewer: 273 daAuts
